 Dungeon Crawl Stone Soup version 0.30-a0-4-ga7cffc901d (webtiles) character file.

Game seed: 1045014159838636376

483 drpainis the Caller (level 6, 0/32 HPs)
             Began as a Deep Elf Summoner on Aug 20, 2022.
             Was an Initiate of Hepliaklqana.
             Succumbed to an adder's poison
             ... on level 5 of the Dungeon.
             The game lasted 00:08:29 (7538 turns).

drpainis the Caller (Deep Elf Summoner)             Turns: 7538, Time: 00:08:30

Health: 0/32       AC:  2    Str:  5    XL:     6   Next: 88%
Magic:  9/17       EV: 13    Int: 22    God:    Hepliaklqana [......]
Gold:   138        SH:  5    Dex: 15    Spells: 9/18 levels left

rFire   . . .      SeeInvis .    (no weapon)
rCold   . . .      Faith    .    (no shield)
rNeg    . . .      Spirit   .    a - +0 robe
rPois   .          Reflect  +    (no helmet)
rElec   .          Harm     .    (no cloak)
rCorr   .          Rampage  .    (no gloves)
Will    .....                    (no boots)
Stlth   ++........               f - amulet of reflection
HPRegen 0.10/turn                (no ring)
MPRegen 0.15/turn                (no ring)

@: lethally poisoned (0 -> -3), hasted, very quick
A: no striking features
a: Renounce Religion


You were on level 5 of the Dungeon.
You worshipped Hepliaklqana.
Hepliaklqana was noncommittal.
You visited 1 branch of the dungeon, and saw 5 of its levels.

You collected 138 gold pieces.

Inventory:

Missiles
 i - 3 poisoned darts
Armour
 a - a +0 robe (worn)
 h - a scarf of shadows
 m - the +1 leather armour of the Devil's Team {*Corrode rElec rN+}
   (You found it on level 3 of the Dungeon)

   rElec:     It insulates you from electricity.
   rN:        It protects you from negative energy.
   *Corrode:  It may corrode you when you take damage.
Jewellery
 f - an amulet of reflection (around neck)
Wands
 j - a wand of roots (8)
Scrolls
 d - 2 scrolls of identify {unknown}
 e - 3 scrolls of magic mapping {unknown}
 g - 2 scrolls of teleportation {unknown}
 k - a scroll of enchant weapon {unknown}
 l - a scroll of poison {unknown}
 n - a scroll of immolation {unknown}
Potions
 b - 2 potions of magic


   Skills:
 + Level 0.1 Fighting
 + Level 3.1 Dodging
 + Level 3.1 Stealth
 + Level 0.3 Shields
 + Level 6.7 Spellcasting
 + Level 0.1 Hexes
 + Level 7.0 Summonings


You had 9 spell levels left.
You knew the following spells:

 Your Spells              Type           Power      Damage    Failure   Level
a - Summon Small Mammal   Summ           100%       N/A       1%          1
b - Call Imp              Summ           38%        N/A       1%          2
c - Call Canine Familiar  Summ           38%        N/A       1%          3
d - Summon Guardian Gole  Hex/Summ       23%        N/A       6%          3

Your spell library contained the following spells:

 Spells                   Type           Power      Damage    Failure   Level
 Summon Lightning Spire   Summ/Air       22%        N/A       21%         4


Dungeon Overview and Level Annotations

Branches:
Dungeon (5/15)             Temple (0/1) D:4

Altars:
Gozag
Hepliaklqana
Xom

Annotations:
D:2 Sigmund


Message History

You block the adder's attack.
You climb downwards.
You hear the hiss of flowing sand.
There is an entrance to an ossuary on this level.
Hurry and find it before the portal is buried!
Found a short sword, 2 white potions and 16 gold pieces.
There is a stone staircase leading up here.
The adder bites you.
* * * LOW HITPOINT WARNING * * *
Casting: Call Canine Familiar (safe; 1% risk of failure)
Confirm with . or Enter, or press ? or * to list all spells.
The adder closely misses you.
An adder is nearby!
The adder attacks as you move away! The adder closely misses you.
Your hound bites the adder.
The adder attacks as you move away! You block the adder's attack.
The adder barely misses you.
You miss the adder.
The adder is heavily wounded.
Your hound completely misses the adder.
The adder bites you.
* * * LOW HITPOINT WARNING * * *
You are lethally poisoned!
The adder poisons you!
Your hound bites the adder but does no damage.
You feel yourself speed up.
* * * LOW HITPOINT WARNING * * *
You feel sick.
The adder bites your hound but does no damage.
Your hound completely misses the adder.
You hit the adder.
The adder is heavily wounded.
* * * LOW HITPOINT WARNING * * *
You feel sick. The adder closely misses you.
Your hound barely misses the adder.
Unknown command.
You hit the adder but do no damage.
The adder is heavily wounded.
The adder bites you but does no damage.
Your hound barely misses the adder.
You barely miss the adder.
The adder is heavily wounded.
You die...

...###### #
.......@##
.#
........S##
..
...######h##
.# # ###.#.#
#..<..#
#..)..#
#........
#...!.##.#
#.....# $.


You could see an adder (ally target) and a friendly hound (summoned).

Vanquished Creatures
  A quokka (D:2)
1 creature vanquished.

Vanquished Creatures (collateral kills)
  An ogre (D:3)
  A centaur (D:4)
  A necrophage (D:3)
  A scorpion (D:3)
  2 hounds (D:4)
  4 adders
  3 gnolls (D:3)
  4 dart slugs
  An orc (D:4)
  3 bats
  5 endoplasms
  6 giant cockroaches
  5 goblins
  4 hobgoblins
  4 quokkas
  8 ball pythons
  4 frilled lizards
  6 kobolds
  5 rats
68 creatures vanquished.

Grand Total: 69 creatures vanquished

Notes
Turn   | Place    | Note
-------+----------+-------------------------------------------
     0 | D:1      | drpainis the Deep Elf Summoner began the quest for the Orb.
     0 | D:1      | Reached XP level 1. HP: 10/10 MP: 6/6
   874 | D:1      | Reached XP level 2. HP: 15/15 MP: 5/8
   934 | D:1      | Learned a level 2 spell: Call Imp
  1174 | D:1      | Reached skill level 5 in Summonings
  1977 | D:1      | Reached XP level 3. HP: 14/19 MP: 9/9
  1989 | D:1      | Learned a level 3 spell: Call Canine Familiar
  2238 | D:1      | Found a faded altar of an unknown god.
  2769 | D:2      | Found an opulent altar of Gozag.
  2945 | D:2      | Noticed Sigmund
  3000 | D:3      | Reached XP level 4. HP: 9/24 MP: 6/12
  3463 | D:3      | Identified the +1 leather armour of the Devil's Team
                  | {*Corrode rElec rN+}
  4409 | D:3      | Found a shimmering altar of Xom.
  4410 | D:3      | Found a hazy altar of Hepliaklqana.
  4411 | D:3      | Noticed a spectral ugly thing
  4423 | D:3      | Became a worshipper of Hepliaklqana the Forgotten
  4515 | D:3      | Noticed a scorpion
  4564 | D:3      | Killed a scorpion
  4565 | D:3      | Reached skill level 6 in Summonings
  4565 | D:3      | Reached XP level 5. HP: 28/28 MP: 4/14
  4738 | D:3      | Learned a level 3 spell: Summon Guardian Golem
  5131 | D:3      | Reached skill level 5 in Spellcasting
  5417 | D:3      | Noticed an ogre
  5426 | D:3      | Killed an ogre
  5427 | D:3      | Reached XP level 6. HP: 32/32 MP: 9/17
  6320 | D:4      | Found a staircase to the Ecumenical Temple.
  7431 | D:4      | Reached skill level 7 in Summonings
  7528 | D:5      | Entered Level 5 of the Dungeon
  7536 | D:5      | HP: 1/32 [poisoned by an adder]
  7538 | D:5      | Succumbed to an adder's poison

Illustrated notes

Levels and vault maps discovered:
D:1:      ncdulo_smallfort, layout_basic,
          dreamdust_ecumenical_altar_hidden_monk_grotto
D:2:      layout_basic, basic_altar, uniq_sigmund
D:3:      layout_loops_ring, regret_index_temple_of_mockery
D:4:      layout_basic, nicolae_overflow_squiral,
          minmay_temple_entry_mini_moons, chequers_serial_rivers_small_3,
          st_stairs_2
D:5:      layout_loops_ring, nicolae_tso_swordbearing_angel,
          nicolae_ossuary_entry_giza, serial_park_tiny_pond,
          kennysheep_windowed_goal

Skill      XL: |  1  2  3  4  5  6 |
---------------+-------------------+-----
Summonings     | 5 6 7 |  7.0
Spellcasting   | 4 6 |  6.7
Dodging        | 3 |  3.1
Stealth        | 3 |  3.1
Fighting       | |  0.1
Shields        | |  0.3
Hexes          | |  0.1

Action                   |  1- 3 |  4- 6 || total
-------------------------+-------+-------++-------
Melee: Unarmed           |     8 |     6 ||    14
 Cast: Summon Small Mamm |    45 |    37 ||    82
       Call Imp          |     7 |     9 ||    16
       Call Canine Famil |     6 |    24 ||    30
       Summon Guardian G |       |     4 ||     4
  Use: Potion            |       |     2 ||     2
 Stab: Sleeping          |     1 |       ||     1
Armor: Robe              |     8 |     7 ||    15
Dodge: Dodged            |    43 |    20 ||    63
Block: Other             |     4 |    12 ||    16
       Reflection        |       |     2 ||     2

Table legend: (Time is in decaauts)
 A = Elapsed time spent in this place.
 B = Non-inter-level travel time spent in this place.
 C = Inter-level travel time spent in this place.
 D = Time resting spent in this place.
 E = Time spent auto-exploring this place.
 F = Levels seen in this place.
 G = Mean time per level.
                   A        B        C        D        E       F      G
               +--------+--------+--------+--------+--------+-----+--------+
         Total |   7520 |   7455 |     65 |   5044 |   1368 |   5 | 1504.0 |
       Dungeon |   7520 |   7455 |     65 |   5044 |   1368 |   5 | 1504.0 |
               +--------+--------+--------+--------+--------+-----+--------+

Top non-repeatable levels by time:
     D:3: 3321 daAuts
     D:1: 2454 daAuts
     D:4: 1219 daAuts
     D:2: 515 daAuts
     D:5: 9 daAuts
